[ AOE2 MATCH · #457901014 ]
Team RMBerbers vs Tupi
[ REPLAY ANALYSIS · EXTRACTED FROM THE RECORDED GAME ]
Feudal
10:39
Castle
34:55
Imperial
—
| APM avg | 24.9 |
| APM peak | 70 |
| eAPM avg | 17.4 |
| Villagers / military | 59 / 0 |
Focus
⚔️ 23.1% · 🌾 76.9%
Feudal
11:01
Castle
23:57
Imperial
31:22
| APM avg | 30.5 |
| APM peak | 54 |
| eAPM avg | 17.6 |
| Villagers / military | 80 / 18 |
Focus
⚔️ 33.5% · 🌾 66.5%
Unknown (2579) ×45 · Unknown (2550) ×19 · Spearman ×9 · Monk ×4 · Trebuchet (Packed) ×3 · Battering Ram ×2
Feudal
11:24
Castle
15:54
Imperial
—
| APM avg | 27.0 |
| APM peak | 71 |
| eAPM avg | 14.0 |
| Villagers / military | 88 / 17 |
Focus
⚔️ 12.5% · 🌾 87.5%
Knight ×10 · Mangonel ×4 · Scout Cavalry ×2 · Monk ×1
Feudal
28:08
Castle
31:41
Imperial
—
| APM avg | 22.2 |
| APM peak | 62 |
| eAPM avg | 15.1 |
| Villagers / military | 62 / 10 |
Focus
⚔️ 22.3% · 🌾 77.7%
Serjeant ×10
Match map
Resources at game start + every placement click. Thick line = wall · dashed box = detected house wall. 🟡 gold · ⚪ stone · 🟢 berries · 🔶 boar · ⭕ relic
Your base· Open — 4t gap
SheepLord's base· Open — unwalled flank
genius25023's base· Open — 6t gap
Wolfy_Rusty's base· Open — unwalled flank
Elevation-shaded terrain · ⚠ = detected wall gap · hover for details
Inputs per minute
— loserry2000 - - SheepLord
Build order — loserry2000
141 actions detected in the replay
| 0:02 | Build | House |
| 0:02 | Create | Villager (Male) |
| 0:03 | Create | Villager (Male) |
| 0:03 | Create | Villager (Male) |
| 0:04 | Build | House |
| 0:05 | Create | Villager (Male) |
| 0:06 | Create | Villager (Male) |
| 1:36 | Create | Villager (Male) |
| 1:36 | Create | Villager (Male) |
| 1:59 | Create | Villager (Male) |
| 1:59 | Create | Villager (Male) |
| 2:12 | Create | Villager (Male) |
| 2:12 | Create | Villager (Male) |
| 2:45 | Build | House |
| 2:49 | Create | Villager (Male) |
| 2:49 | Create | Villager (Male) |
| 3:03 | Build | House |
| 3:11 | Create | Villager (Male) |
| 3:29 | Build | Lumber Camp |
| 3:53 | Create | Villager (Male) |
| 3:53 | Create | Villager (Male) |
| 3:54 | Create | Villager (Male) |
| 4:04 | Create | Villager (Male) |
| 4:05 | Create | Villager (Male) |
| 4:25 | Create | Villager (Male) |
| 4:25 | Create | Villager (Male) |
| 4:42 | Create | Villager (Male) |
| 4:42 | Create | Villager (Male) |
| 4:42 | Create | Villager (Male) |
| 5:09 | Build | Mill |
| 6:02 | Build | Mill |
| 6:16 | Create | Villager (Male) |
| 6:43 | Create | Villager (Male) |
| 6:43 | Create | Villager (Male) |
| 7:02 | Create | Villager (Male) |
| 7:38 | Create | Villager (Male) |
| 7:38 | Create | Villager (Male) |
| 7:40 | Build | Farm |
| 8:04 | Build | Mining Camp |
| 8:29 | Research | Feudal Age |
| 8:29 | Research | Feudal Age |
| 8:45 | Build | House |
| 8:46 | Build | House |
| 8:48 | Build | House |
| 9:10 | Build | House |
| 9:31 | Create | Villager (Male) |
| 10:39 | Age | Feudal Age |
| 11:07 | Build | Watch Tower |
| 11:23 | Build | Watch Tower |
| 11:36 | Build | Watch Tower |
| 11:39 | Create | Villager (Male) |
| 11:39 | Create | Villager (Male) |
| 11:39 | Create | Villager (Male) |
| 11:40 | Create | Villager (Male) |
| 11:40 | Create | Villager (Male) |
| 11:51 | Build | Blacksmith |
| 12:09 | Create | Villager (Male) |
| 12:24 | Research | Fletching |
| 12:24 | Research | Fletching |
| 12:36 | Create | Villager (Male) |
| 13:10 | Build | Palisade Wall |
| 13:12 | Build | Palisade Wall |
| 13:13 | Build | Palisade Wall |
| 13:23 | Build | Palisade Wall |
| 15:16 | Research | Loom |
| 17:25 | Create | Villager (Male) |
| 17:26 | Create | Villager (Male) |
| 17:26 | Create | Villager (Male) |
| 17:45 | Create | Villager (Male) |
| 17:54 | Create | Villager (Male) |
| 23:36 | Build | Mining Camp |
| 24:51 | Build | Market |
| 25:07 | Build | Building 487 |
| 25:18 | Build | Farm |
| 25:18 | Build | Farm |
| 25:19 | Build | Farm |
| 25:19 | Build | Farm |
| 25:52 | Create | Villager (Male) |
| 25:54 | Create | Villager (Male) |
| 25:56 | Research | Double-Bit Axe |
| 25:57 | Research | Double-Bit Axe |
| 26:01 | Build | Farm |
| 26:19 | Create | Villager (Male) |
| 26:29 | Build | Farm |
| 26:45 | Create | Villager (Male) |
| 26:50 | Build | Farm |
| 26:51 | Research | Horse Collar |
| 26:51 | Research | Horse Collar |
| 27:16 | Create | Villager (Male) |
| 27:21 | Build | Farm |
| 27:40 | Create | Villager (Male) |
| 27:45 | Build | Farm |
| 28:03 | Create | Villager (Male) |
| 28:10 | Create | Villager (Male) |
| 28:14 | Build | Farm |
| 28:35 | Build | Farm |
| 29:03 | Build | Farm |
| 29:09 | Build | House |
| 29:10 | Build | House |
| 29:11 | Build | House |
| 29:14 | Build | House |
| 29:15 | Build | House |
| 29:16 | Build | House |
| 29:20 | Create | Villager (Male) |
| 29:20 | Create | Villager (Male) |
| 29:20 | Create | Villager (Male) |
| 29:55 | Create | Villager (Male) |
| 30:21 | Create | Villager (Male) |
| 30:33 | Build | House |
| 30:33 | Build | House |
| 30:34 | Build | House |
| 30:35 | Build | House |
| 30:36 | Build | House |
| 30:37 | Build | House |
| 30:37 | Create | Villager (Male) |
| 30:52 | Build | Farm |
| 31:07 | Create | Villager (Male) |
| 31:35 | Build | Farm |
| 32:13 | Research | Castle Age |
| 32:13 | Research | Castle Age |
| 33:11 | Build | Building 490 |
| 33:15 | Build | Stone Wall |
| 33:17 | Build | Stone Wall |
| 34:00 | Build | Stone Wall |
| 34:02 | Build | Stone Wall |
| 34:07 | Build | House |
| 34:08 | Build | House |
| 34:09 | Build | House |
| 34:09 | Build | House |
| 34:12 | Create | Villager (Male) |
| 34:22 | Build | Stone Wall |
| 34:34 | Build | Stone Wall |
| 34:37 | Build | Stone Wall |
| 34:43 | Build | Building 487 |
| 34:48 | Build | Stone Wall |
| 34:49 | Build | Stone Wall |
| 34:55 | Age | Castle Age |
| 34:55 | Build | Stone Wall |
| 34:56 | Build | Stone Wall |
| 35:05 | Build | Castle |
| 35:19 | Build | Monastery |
Build order — SheepLord
First 150 of 257 actions detected
| 0:00 | Create | Villager (Male) |
| 0:01 | Create | Villager (Male) |
| 0:01 | Create | Villager (Male) |
| 0:01 | Create | Villager (Male) |
| 0:01 | Create | Villager (Male) |
| 0:02 | Build | House |
| 0:05 | Build | House |
| 1:13 | Create | Villager (Male) |
| 1:44 | Build | Settlement |
| 1:54 | Create | Villager (Male) |
| 2:07 | Create | Villager (Male) |
| 2:19 | Create | Villager (Male) |
| 2:54 | Create | Villager (Male) |
| 3:30 | Create | Villager (Male) |
| 3:52 | Create | Villager (Male) |
| 4:30 | Create | Villager (Male) |
| 5:04 | Research | Loom |
| 5:22 | Create | Villager (Male) |
| 5:31 | Build | House |
| 5:37 | Create | Villager (Male) |
| 6:10 | Build | House |
| 6:13 | Create | Villager (Male) |
| 6:33 | Create | Villager (Male) |
| 7:13 | Create | Villager (Male) |
| 7:37 | Create | Villager (Male) |
| 8:03 | Build | Settlement |
| 8:22 | Build | Barracks |
| 8:26 | Create | Villager (Male) |
| 8:43 | Research | Feudal Age |
| 9:01 | Build | Farm |
| 9:31 | Build | Settlement |
| 9:38 | Create | Unit 2550 |
| 9:38 | Create | Unit 2550 |
| 9:47 | Build | House |
| 9:59 | Build | Farm |
| 10:03 | Build | Farm |
| 10:41 | Create | Villager (Male) |
| 10:44 | Create | Unit 2550 |
| 10:50 | Build | Outpost |
| 11:01 | Age | Feudal Age |
| 11:06 | Research | Tech 1402 |
| 11:13 | Build | Watch Tower |
| 11:29 | Create | Villager (Male) |
| 11:33 | Research | Double-Bit Axe |
| 11:33 | Research | Horse Collar |
| 11:56 | Build | Blacksmith |
| 12:00 | Create | Unit 2550 |
| 12:01 | Create | Villager (Male) |
| 12:31 | Create | Unit 2550 |
| 12:32 | Create | Villager (Male) |
| 12:32 | Create | Villager (Male) |
| 12:36 | Build | Farm |
| 12:46 | Research | Scale Mail Armor |
| 12:48 | Build | House |
| 13:23 | Create | Villager (Male) |
| 13:24 | Create | Villager (Male) |
| 13:26 | Create | Unit 2550 |
| 14:45 | Create | Villager (Male) |
| 14:45 | Create | Villager (Male) |
| 14:49 | Build | Farm |
| 14:52 | Build | Farm |
| 14:54 | Build | Farm |
| 14:56 | Build | Farm |
| 14:58 | Create | Unit 2550 |
| 14:59 | Create | Unit 2550 |
| 15:24 | Create | Villager (Male) |
| 15:24 | Create | Villager (Male) |
| 15:28 | Build | House |
| 15:46 | Create | Unit 2550 |
| 15:46 | Create | Unit 2550 |
| 15:48 | Create | Villager (Male) |
| 16:07 | Create | Villager (Male) |
| 16:12 | Build | Farm |
| 16:13 | Build | Farm |
| 16:15 | Build | Farm |
| 16:18 | Build | Farm |
| 16:21 | Build | Farm |
| 16:33 | Build | Barracks |
| 16:35 | Create | Spearman |
| 16:35 | Create | Spearman |
| 17:18 | Create | Villager (Male) |
| 17:21 | Build | Farm |
| 17:24 | Build | Farm |
| 17:27 | Build | Farm |
| 17:30 | Build | Farm |
| 17:31 | Build | Farm |
| 17:40 | Create | Unit 2550 |
| 17:40 | Create | Unit 2550 |
| 17:46 | Build | House |
| 17:51 | Create | Unit 2550 |
| 17:53 | Create | Unit 2550 |
| 17:53 | Create | Unit 2550 |
| 17:54 | Create | Villager (Male) |
| 18:01 | Create | Unit 2550 |
| 18:37 | Create | Villager (Male) |
| 18:37 | Create | Villager (Male) |
| 18:43 | Research | Forging |
| 19:01 | Build | Market |
| 19:02 | Create | Villager (Male) |
| 19:16 | Create | Unit 2550 |
| 19:22 | Create | Unit 2550 |
| 19:26 | Build | House |
| 19:26 | Create | Unit 2550 |
| 19:59 | Create | Villager (Male) |
| 20:01 | Build | Farm |
| 20:01 | Build | Farm |
| 20:02 | Build | Farm |
| 20:25 | Create | Villager (Male) |
| 20:25 | Create | Villager (Male) |
| 20:29 | Build | Farm |
| 20:34 | Build | Farm |
| 20:36 | Build | Farm |
| 20:40 | Build | House |
| 20:53 | Create | Spearman |
| 20:54 | Create | Spearman |
| 20:56 | Create | Villager (Male) |
| 20:58 | Build | Farm |
| 21:05 | Build | Farm |
| 21:08 | Build | Farm |
| 21:11 | Build | Farm |
| 21:13 | Build | Farm |
| 21:15 | Research | Castle Age |
| 21:17 | Research | Castle Age |
| 21:49 | Build | Farm |
| 22:19 | Research | Fletching |
| 22:24 | Build | Archery Range |
| 23:05 | Build | Palisade Wall |
| 23:13 | Create | Spearman |
| 23:14 | Create | Spearman |
| 23:22 | Research | Padded Archer Armor |
| 23:46 | Create | Villager (Male) |
| 23:57 | Age | Castle Age |
| 24:04 | Create | Villager (Male) |
| 24:04 | Create | Villager (Male) |
| 24:12 | Research | Gold Mining |
| 24:15 | Research | Bow Saw |
| 24:23 | Research | Bow Saw |
| 24:56 | Build | Castle |
| 25:03 | Create | Villager (Male) |
| 25:42 | Create | Villager (Male) |
| 25:42 | Create | Villager (Male) |
| 25:42 | Create | Villager (Male) |
| 25:55 | Build | Settlement |
| 25:56 | Create | Unit 2579 |
| 25:57 | Create | Unit 2579 |
| 25:57 | Create | Unit 2579 |
| 26:04 | Research | Bodkin Arrow |
| 26:26 | Create | Unit 2579 |
| 26:27 | Create | Unit 2579 |
| 26:27 | Create | Unit 2579 |
Build order — genius25023
First 150 of 183 actions detected
| 0:01 | Create | Villager (Male) |
| 0:01 | Create | Villager (Male) |
| 0:01 | Create | Villager (Male) |
| 0:03 | Build | House |
| 0:05 | Build | House |
| 0:40 | Create | Villager (Male) |
| 0:40 | Create | Villager (Male) |
| 1:45 | Create | Villager (Male) |
| 1:45 | Create | Villager (Male) |
| 2:16 | Create | Villager (Male) |
| 2:17 | Create | Villager (Male) |
| 2:17 | Create | Villager (Male) |
| 2:48 | Create | Villager (Male) |
| 2:48 | Create | Villager (Male) |
| 3:29 | Create | Villager (Male) |
| 3:29 | Create | Villager (Male) |
| 3:29 | Create | Villager (Male) |
| 3:30 | Create | Villager (Male) |
| 3:33 | Build | House |
| 3:34 | Build | House |
| 3:37 | Build | Mill |
| 4:11 | Create | Villager (Male) |
| 4:37 | Create | Villager (Male) |
| 4:55 | Build | Lumber Camp |
| 5:29 | Create | Villager (Male) |
| 5:29 | Create | Villager (Male) |
| 5:30 | Create | Villager (Male) |
| 5:30 | Create | Villager (Male) |
| 5:31 | Create | Villager (Male) |
| 5:31 | Create | Villager (Male) |
| 6:19 | Create | Villager (Male) |
| 6:20 | Create | Villager (Male) |
| 6:23 | Build | Farm |
| 6:58 | Create | Villager (Male) |
| 6:59 | Create | Villager (Male) |
| 7:11 | Build | Farm |
| 7:35 | Build | Farm |
| 8:15 | Build | Farm |
| 8:52 | Research | Feudal Age |
| 9:14 | Build | Mining Camp |
| 10:08 | Build | Mill |
| 10:26 | Create | Villager (Male) |
| 11:24 | Age | Feudal Age |
| 11:29 | Build | House |
| 11:34 | Build | Market |
| 11:51 | Create | Villager (Male) |
| 12:27 | Build | Blacksmith |
| 12:29 | Create | Villager (Male) |
| 13:14 | Research | Castle Age |
| 13:19 | Build | House |
| 13:22 | Build | Palisade Wall |
| 13:24 | Build | Building 804 |
| 13:42 | Build | House |
| 13:44 | Build | House |
| 14:03 | Build | Mining Camp |
| 14:27 | Build | Barracks |
| 15:21 | Create | Villager (Male) |
| 15:22 | Create | Villager (Male) |
| 15:29 | Research | Double-Bit Axe |
| 15:54 | Age | Castle Age |
| 16:10 | Create | Villager (Male) |
| 16:54 | Create | Villager (Male) |
| 16:54 | Create | Villager (Male) |
| 17:17 | Build | Stable |
| 17:56 | Create | Villager (Male) |
| 17:56 | Create | Villager (Male) |
| 18:28 | Build | Farm |
| 18:31 | Build | Farm |
| 18:34 | Create | Knight |
| 18:34 | Create | Knight |
| 18:43 | Build | Farm |
| 18:48 | Create | Villager (Male) |
| 18:48 | Create | Villager (Male) |
| 19:14 | Create | Villager (Male) |
| 19:14 | Create | Villager (Male) |
| 19:21 | Research | Loom |
| 19:55 | Build | Siege Workshop |
| 20:20 | Create | Villager (Male) |
| 20:20 | Create | Villager (Male) |
| 20:53 | Create | Mangonel |
| 20:53 | Create | Mangonel |
| 21:08 | Create | Knight |
| 21:12 | Create | Villager (Male) |
| 21:12 | Create | Villager (Male) |
| 21:12 | Create | Villager (Male) |
| 21:16 | Build | House |
| 21:17 | Build | House |
| 21:48 | Create | Villager (Male) |
| 22:08 | Build | Lumber Camp |
| 22:21 | Create | Knight |
| 22:21 | Create | Knight |
| 23:04 | Research | Wheelbarrow |
| 24:01 | Create | Villager (Male) ×2 |
| 24:23 | Build | Mining Camp |
| 24:47 | Create | Villager (Male) ×2 |
| 24:55 | Build | Lumber Camp |
| 25:02 | Build | Farm |
| 25:02 | Build | Farm |
| 25:02 | Build | Farm |
| 25:02 | Build | Farm |
| 25:03 | Build | Farm |
| 25:03 | Build | Farm |
| 25:03 | Build | Farm |
| 25:03 | Build | Farm |
| 25:46 | Build | House |
| 25:47 | Build | House |
| 25:50 | Build | House |
| 26:06 | Create | Villager (Male) ×4 |
| 26:25 | Build | Siege Workshop |
| 26:29 | Build | House |
| 26:33 | Build | House |
| 26:34 | Build | House |
| 27:03 | Build | Farm |
| 27:48 | Create | Mangonel |
| 27:49 | Create | Mangonel |
| 28:02 | Create | Villager (Male) |
| 28:03 | Create | Villager (Male) |
| 28:08 | Build | Mining Camp |
| 28:17 | Build | Town Center |
| 28:26 | Research | Horse Collar |
| 28:28 | Create | Villager (Male) |
| 28:30 | Create | Villager (Male) |
| 29:10 | Research | Hand Cart |
| 29:11 | Create | Villager (Male) ×5 |
| 29:19 | Build | Lumber Camp |
| 30:18 | Create | Villager (Male) |
| 30:30 | Create | Knight |
| 30:30 | Create | Knight |
| 30:30 | Create | Knight |
| 30:43 | Create | Scout Cavalry |
| 30:44 | Create | Scout Cavalry |
| 30:52 | Research | Bow Saw |
| 31:02 | Build | Mill |
| 31:03 | Build | Farm |
| 31:03 | Build | Farm |
| 31:03 | Build | Farm |
| 31:03 | Build | Farm |
| 31:04 | Build | Farm |
| 31:13 | Create | Villager (Male) |
| 31:23 | Create | Villager (Male) |
| 31:23 | Create | Villager (Male) |
| 31:23 | Create | Villager (Male) |
| 31:23 | Create | Villager (Male) |
| 31:24 | Create | Villager (Male) |
| 31:24 | Create | Villager (Male) |
| 31:28 | Build | Farm |
| 31:28 | Build | Farm |
| 31:28 | Build | Farm |
| 31:29 | Build | Farm |
| 31:29 | Build | Farm |
Build order — Wolfy_Rusty
130 actions detected in the replay
| 0:01 | Create | Villager (Male) |
| 0:02 | Create | Villager (Male) |
| 0:03 | Build | House |
| 0:05 | Build | House |
| 0:24 | Create | Villager (Male) |
| 0:31 | Create | Villager (Male) |
| 1:24 | Create | Villager (Male) |
| 2:01 | Create | Villager (Male) |
| 2:02 | Create | Villager (Male) |
| 2:15 | Build | Lumber Camp |
| 2:28 | Create | Villager (Male) |
| 2:53 | Create | Villager (Male) |
| 2:54 | Create | Villager (Male) |
| 2:54 | Create | Villager (Male) |
| 3:22 | Create | Villager (Male) |
| 3:22 | Create | Villager (Male) |
| 3:50 | Build | House |
| 4:36 | Create | Villager (Male) |
| 4:37 | Create | Villager (Male) |
| 5:20 | Create | Villager (Male) |
| 5:34 | Build | Mill |
| 5:40 | Create | Villager (Male) |
| 5:44 | Build | House |
| 6:18 | Create | Villager (Male) |
| 6:40 | Create | Villager (Male) |
| 7:14 | Create | Villager (Male) |
| 7:34 | Build | Town Center |
| 8:13 | Research | Loom |
| 8:16 | Create | Villager (Male) |
| 8:48 | Create | Villager (Male) |
| 9:00 | Build | House |
| 9:15 | Create | Villager (Male) |
| 9:25 | Research | Loom |
| 10:34 | Build | Town Center |
| 11:17 | Build | Mill |
| 11:21 | Create | Villager (Male) |
| 11:43 | Create | Villager (Male) |
| 12:02 | Create | Villager (Male) |
| 12:20 | Create | Villager (Male) |
| 12:20 | Create | Villager (Male) |
| 12:41 | Create | Villager (Male) |
| 13:23 | Create | Villager (Male) |
| 13:24 | Create | Villager (Male) |
| 13:24 | Create | Villager (Male) |
| 14:21 | Create | Villager (Male) |
| 15:08 | Create | Villager (Male) |
| 15:09 | Create | Villager (Male) |
| 15:30 | Create | Villager (Male) |
| 15:51 | Build | House |
| 16:08 | Create | Villager (Male) |
| 16:33 | Create | Villager (Male) |
| 16:39 | Build | House |
| 17:04 | Create | Villager (Male) |
| 17:04 | Create | Villager (Male) |
| 17:38 | Create | Villager (Male) |
| 17:38 | Create | Villager (Male) |
| 17:47 | Create | Villager (Male) |
| 17:47 | Create | Villager (Male) |
| 18:18 | Create | Villager (Male) |
| 18:18 | Create | Villager (Male) |
| 18:28 | Create | Villager (Male) |
| 18:38 | Build | Lumber Camp |
| 19:33 | Build | Mining Camp |
| 19:55 | Build | Building 796 |
| 19:56 | Create | Villager (Male) |
| 20:09 | Build | House |
| 20:23 | Build | Barracks |
| 20:25 | Create | Villager (Male) |
| 21:16 | Build | Barracks |
| 22:47 | Create | Villager (Male) |
| 23:07 | Build | House |
| 23:23 | Build | Palisade Wall |
| 23:28 | Build | Building 796 |
| 23:33 | Build | Palisade Gate |
| 24:15 | Build | Town Center |
| 25:08 | Build | Mining Camp |
| 25:15 | Create | Villager (Male) |
| 25:58 | Research | Feudal Age |
| 26:47 | Build | Farm |
| 26:48 | Build | Farm |
| 26:50 | Build | Farm |
| 26:55 | Build | Farm |
| 27:02 | Build | Farm |
| 27:49 | Build | Farm |
| 28:08 | Age | Feudal Age |
| 28:13 | Build | Market |
| 28:18 | Create | Villager (Male) |
| 28:41 | Build | Blacksmith |
| 29:01 | Research | Castle Age |
| 29:02 | Research | Castle Age |
| 29:16 | Build | Mining Camp |
| 29:38 | Research | Double-Bit Axe |
| 29:38 | Research | Double-Bit Axe |
| 29:42 | Build | Farm |
| 29:45 | Build | Farm |
| 30:20 | Research | Horse Collar |
| 31:41 | Age | Castle Age |
| 31:49 | Create | Villager (Male) |
| 31:51 | Research | Bow Saw |
| 32:16 | Build | Castle |
| 32:30 | Build | Building 796 |
| 32:38 | Create | Villager (Male) |
| 32:51 | Build | Farm |
| 32:52 | Build | Farm |
| 33:11 | Create | Serjeant |
| 33:11 | Create | Serjeant |
| 33:12 | Create | Serjeant |
| 33:36 | Build | Farm |
| 33:37 | Build | Farm |
| 33:39 | Create | Serjeant |
| 33:39 | Create | Serjeant |
| 33:55 | Create | Villager (Male) |
| 34:07 | Create | Serjeant |
| 34:07 | Create | Serjeant |
| 34:35 | Research | Scale Mail Armor |
| 34:43 | Build | Farm |
| 34:52 | Create | Villager (Male) |
| 34:52 | Create | Villager (Male) |
| 34:56 | Build | Farm |
| 34:57 | Build | Farm |
| 35:24 | Create | Serjeant |
| 35:24 | Create | Serjeant |
| 35:25 | Create | Serjeant |
| 35:31 | Create | Villager (Male) |
| 35:32 | Create | Villager (Male) |
| 36:01 | Create | Villager (Male) |
| 36:02 | Create | Villager (Male) |
| 36:02 | Create | Villager (Male) |
| 36:04 | Build | Farm |
| 36:05 | Build | Farm |
Match timeline
| 8:22 | SheepLord · first_building Barracks |
| 10:39 | loserry2000 · age_up feudal |
| 11:01 | SheepLord · age_up feudal |
| 11:24 | genius25023 · age_up feudal |
| 13:10 | loserry2000 · wall_segment Palisade Wall x1 |
| 13:12 | loserry2000 · wall_segment Palisade Wall x1 |
| 13:13 | loserry2000 · wall_segment Palisade Wall x1 |
| 13:22 | genius25023 · wall_segment Palisade Wall x7 |
| 13:23 | loserry2000 · wall_segment Palisade Wall x1 |
| 14:27 | genius25023 · first_building Barracks |
| 15:15 | genius25023 · tribute_sent a jugador 1 |
| 15:15 | genius25023 · tribute_sent a jugador 2 |
| 15:15 | genius25023 · tribute_sent a jugador 4 |
| 15:54 | genius25023 · age_up castle |
| 16:06 | genius25023 · tribute_sent a jugador 1 |
| 16:06 | genius25023 · tribute_sent a jugador 2 |
| 16:06 | genius25023 · tribute_sent a jugador 4 |
| 16:44 | genius25023 · tribute_sent a jugador 1 |
| 16:44 | genius25023 · tribute_sent a jugador 2 |
| 16:44 | genius25023 · tribute_sent a jugador 4 |
| 17:17 | genius25023 · first_building Stable |
| 17:22 | genius25023 · tribute_sent a jugador 1 |
| 17:22 | genius25023 · tribute_sent a jugador 2 |
| 17:22 | genius25023 · tribute_sent a jugador 4 |
| 18:03 | genius25023 · tribute_sent a jugador 1 |
| 18:03 | genius25023 · tribute_sent a jugador 2 |
| 18:03 | genius25023 · tribute_sent a jugador 4 |
| 18:55 | genius25023 · tribute_sent a jugador 1 |
| 18:55 | genius25023 · tribute_sent a jugador 2 |
| 18:55 | genius25023 · tribute_sent a jugador 4 |
| 19:11 | genius25023 · tribute_sent a jugador 1 |
| 19:11 | genius25023 · tribute_sent a jugador 2 |
| 19:11 | genius25023 · tribute_sent a jugador 4 |
| 19:55 | genius25023 · first_building Siege Workshop |
| 20:17 | genius25023 · tribute_sent a jugador 1 |
| 20:17 | genius25023 · tribute_sent a jugador 2 |
| 20:17 | genius25023 · tribute_sent a jugador 4 |
| 20:23 | Wolfy_Rusty · first_building Barracks |
| 22:24 | SheepLord · first_building Archery Range |
| 23:05 | SheepLord · wall_segment Palisade Wall x1 |
| 23:23 | Wolfy_Rusty · wall_segment Palisade Wall x1 |
| 23:57 | SheepLord · age_up castle |
| 24:56 | SheepLord · first_building Castle |
| 25:10 | genius25023 · tribute_sent a jugador 1 |
| 25:10 | genius25023 · tribute_sent a jugador 2 |
| 25:10 | genius25023 · tribute_sent a jugador 4 |
| 25:48 | loserry2000 · first_market_sell 100 wood |
| 25:48 | SheepLord · first_market_buy 100 wood |
| 25:50 | loserry2000 · first_market_buy 100 food |
| 27:09 | SheepLord · first_building Monastery |
| 27:53 | SheepLord · first_market_sell 100 food |
| 28:08 | Wolfy_Rusty · age_up feudal |
| 29:22 | SheepLord · first_building Siege Workshop |
| 31:07 | Wolfy_Rusty · first_market_buy 100 stone |
| 31:22 | SheepLord · age_up imperial |
| 31:41 | Wolfy_Rusty · age_up castle |
| 31:43 | genius25023 · first_building Monastery |
| 32:16 | Wolfy_Rusty · first_building Castle |
| 33:15 | loserry2000 · wall_segment Stone Wall x1 |
| 33:17 | loserry2000 · wall_segment Stone Wall x4 |
| 34:00 | loserry2000 · wall_segment Stone Wall x1 |
| 34:02 | loserry2000 · wall_segment Stone Wall x1 |
| 34:22 | loserry2000 · wall_segment Stone Wall x1 |
| 34:34 | loserry2000 · wall_segment Stone Wall x1 |
| 34:37 | loserry2000 · wall_segment Stone Wall x1 |
| 34:48 | loserry2000 · wall_segment Stone Wall x1 |
| 34:49 | loserry2000 · wall_segment Stone Wall x1 |
| 34:55 | loserry2000 · age_up castle |
| 34:55 | loserry2000 · wall_segment Stone Wall x1 |
| 34:56 | loserry2000 · wall_segment Stone Wall x1 |
| 35:05 | loserry2000 · first_building Castle |
| 35:19 | loserry2000 · first_building Monastery |
| 36:13 | loserry2000 · resign |
[ AI ANALYSIS · 1 CREDIT ]
What really happened in this match?
Wolo.gg analyzes every decision: build order, eco, micro, common mistakes by bracket. Personalized analysis on WhatsApp or Discord in 30 seconds.
Civ guide
Berbers
Map guide
Arena
Perfil
loserry2000